Condors vs Sasquatch
Created - December 5, 2020 at 00:20
Goals
|
Condors |
0 |
2 |
0 |
1 |
3 |
Sasquatch |
0 |
0 |
2 |
0 |
2 |
|
Shots
|
Condors |
16 |
5 |
9 |
2 |
32 |
Sasquatch |
6 |
9 |
13 |
0 |
28 |
|
1st period
No Goal
Penalties :
Timo Meier (Gat) for Charging (Minor) at 1:37, Carl Gunnarsson (Bak) for Holding (Minor) at 6:18, Jujhar Khaira (Gat) for Interference (Minor) at 17:42
2nd period
1. Condors , Daniel Zaar 9 (Marc-André Bourdon 1) at 5:20
2. Condors , Mark Jankowski 8 (Eric Gustafsson 17, Christian Thomas 4) at 15:00
Penalties :
Louis Leblanc (Bak) for Holding (Minor) at 1:33, Alex Iafallo (Gat) for Hooking (Minor) at 12:34, Nail Yakupov (Bak) for Hooking (Minor) at 15:50, Timo Meier (Gat) for Hooking (Minor) at 16:56
3rd period
3. Sasquatch , Valentin Zykov 5 (Devin Shore 26) at 8:55 (PP)
4. Sasquatch , Jujhar Khaira 19 (Devin Shore 27, Timo Meier 10) at 16:20
Penalties :
T.J. Tynan (Gat) for Roughing (Minor) at 0:51, Alex Iafallo (Gat) for Roughing (Minor) at 6:11, Louis Leblanc (Bak) for Roughing (Minor) at 8:42
Overtime #1
5. Condors , Louis Leblanc 3 (Eric Gustafsson 18) at 2:36
Penalties :
No Penalty
Goalie Stats
Mackenzie Blackwood (Bak), 26 saves from 28 shots - (0.929), W, 7-5-1, 62:36 minutes
Joonas Korpisalo (Gat), 29 saves from 32 shots - (0.906), OTL, 4-7-3, 62:36 minutes
Players Stats for Condors
Player Name G A P +/- PIM S H SB GA TA FO MP PP MP PK MP
------------------------------------------------------------------------------------
Alex Tuch 0 0 0 -1 0 2 1 0 0 0 4/6 24:01 5:59 1:58
Andrew Mangiapane 0 0 0 -1 0 0 2 1 1 0 0/1 22:27 4:38 1:58
Anton Slepyshev 0 0 0 0 0 0 3 0 0 0 0/0 17:27 5:57 0:00
Brett Lernout 0 0 0 0 0 1 1 3 1 1 0/0 13:06 0:27 2:10
C.J Suess 0 0 0 0 0 0 2 1 0 0 0/0 5:42 0:00 0:00
Carl Gunnarsson 0 0 0 -1 2 3 1 2 1 0 0/0 28:19 6:42 1:58
Christian Thomas 0 1 1 2 0 3 1 0 0 0 0/0 11:51 0:26 0:32
Daniel Zaar 1 0 1 2 0 6 1 1 0 1 1/1 14:14 1:16 0:00
Eric Gustafsson 0 2 2 1 0 1 2 0 2 0 0/0 28:31 4:19 2:44
Erik Cernak 0 0 0 0 0 0 2 0 0 0 0/0 13:00 0:00 0:23
Frederik Gauthier 0 0 0 0 0 5 2 0 2 0 5/17 18:23 5:57 0:56
Jacob Larsson 0 0 0 1 0 0 0 0 0 0 0/0 2:49 0:00 0:23
Louis Leblanc 1 0 1 0 4 2 0 0 0 1 13/20 16:43 2:03 0:00
Marc-André Bourdon 0 1 1 1 0 1 2 1 0 2 0/0 19:41 6:15 0:46
Mark Jankowski 1 0 1 2 0 2 2 0 0 0 4/9 13:33 0:00 2:00
Mikko Lehtonen 0 0 0 0 0 1 0 0 0 0 0/0 6:17 0:14 0:00
Nail Yakupov 0 0 0 1 2 1 4 0 2 0 0/0 19:44 4:50 2:10
Tyler Bozak 0 0 0 0 0 3 1 0 0 1 6/14 7:40 1:43 1:00
Zac Leslie 0 0 0 2 0 1 1 2 0 1 0/0 20:42 4:19 2:10
Players Stats for Sasquatch
Player Name G A P +/- PIM S H SB GA TA FO MP PP MP PK MP
------------------------------------------------------------------------------------
Alex Iafallo 0 0 0 0 4 1 3 0 0 0 0/0 15:13 0:00 1:54
Brandon Montour 0 0 0 -1 0 0 0 3 0 2 0/0 25:16 3:33 6:30
Brett Pesce 0 0 0 -1 0 0 0 0 0 1 0/0 16:26 1:31 0:14
Devin Shore 0 2 2 0 0 6 5 1 1 1 18/34 22:40 3:03 4:54
Dmitri Orlov 0 0 0 0 0 1 0 2 0 1 0/0 13:12 1:31 0:48
Dylan Sikura 0 0 0 -1 0 0 0 1 0 0 0/0 6:35 0:00 0:00
Jack Roslovic 0 0 0 -1 0 2 2 0 0 0 2/5 7:41 0:00 0:53
Jujhar Khaira 1 0 1 -1 2 2 1 0 0 1 0/0 21:50 2:14 4:31
Martin Marincin 0 0 0 -1 0 3 4 3 1 1 0/0 25:41 0:13 5:53
Mirco Mueller 0 0 0 1 0 0 1 2 1 1 0/0 16:41 0:00 4:17
Patrick Wey 0 0 0 -2 0 1 4 1 0 1 0/0 27:56 3:46 4:20
Petr Straka 0 0 0 0 0 3 1 1 0 0 0/0 13:52 2:14 0:00
Sam Reinhart 0 0 0 0 0 0 0 0 0 0 0/1 10:40 0:00 0:00
Sergey Kalinin 0 0 0 -1 0 1 1 0 0 0 13/20 18:26 0:00 5:37
T.J. Tynan 0 0 0 0 2 1 0 1 1 0 2/6 13:35 2:14 0:00
Teemu Hartikainen 0 0 0 0 0 3 1 0 1 0 0/1 15:27 0:00 3:22
Timo Meier 0 1 1 0 4 1 1 0 0 0 0/1 16:41 3:02 0:00
Valentin Zykov 1 0 1 -1 0 3 1 0 2 0 0/0 10:32 3:03 0:51
3 Stars
1 - Mark Jankowski (Bak)
2 - Daniel Zaar (Bak)
3 - Eric Gustafsson (Bak)
Power Play
Condors - 0 on 6 Attempt(s) - 0.00%
Sasquatch - 1 on 4 Attempt(s) - 25.00%
Penalty Kill
Condors - 3 on 4 Attempt(s) - 75.00%
- Score 0 goal in Penalty Kill
Sasquatch - 6 on 6 Attempt(s) - 100.00%
- Score 0 goal in Penalty Kill
Team Stat
Condors - Hits : 28 - Faceoff Wins : 33 - Blocked Shots : 11 - Penalty Minutes : 8
Sasquatch - Hits : 25 - Faceoff Wins : 35 - Blocked Shots : 15 - Penalty Minutes : 12
Official
Referees : Unknown
Linesman : Unknown
Game Notes
Tyler Bozak is injured at 1:35 of 2nd period (Bruised Right Shoulder)
Brett Lernout is injured at 18:12 of 3rd period (Left Hip)
Finance
Level 1 -- Attendance: 1406 (70.30%) -- Ticket Income $56,240
Level 2 -- Attendance: 726 (72.60%) -- Ticket Income $14,520
Total Attendance: 2132 (71.07%)
Total Ticket Income: $70,760
Other Income: $3,538
Total Income: $74,298
Condors
5 vs 5 Forward
Center Left Wing Right Wing Time % Phy DF OF
1 Tyler Bozak Andrew Mangiapane Alex Tuch 40 1 2 2
2 Frederik Gauthier Anton Slepyshev Nail Yakupov 30 1 2 2
3 Mark Jankowski Christian Thomas Daniel Zaar 20 1 2 2
4 Louis Leblanc C.J Suess Mikko Lehtonen 10 1 2 2
5 vs 5 Defense
Defense Defense Time % Phy DF OF
1 Carl Gunnarsson Eric Gustafsson 40 1 2 2
2 Zac Leslie Marc-André Bourdon 30 1 2 2
3 Brett Lernout Erik Cernak 20 1 2 2
4 Jacob Larsson Eric Gustafsson 10 1 2 2
PowerPlay Forward
Center Left Wing Right Wing Time % Phy DF OF
1 Frederik Gauthier Anton Slepyshev Alex Tuch 60 1 2 2
2 Tyler Bozak Andrew Mangiapane Nail Yakupov 40 1 2 2
PowerPlay Defense
Defense Defense Time % Phy DF OF
1 Carl Gunnarsson Marc-André Bourdon 60 1 2 2
2 Zac Leslie Eric Gustafsson 40 1 2 2
Penalty Kill 4 Players Forward
Center Wing Time % Phy DF OF
1 Tyler Bozak Nail Yakupov 60 1 2 2
2 Frederik Gauthier Mark Jankowski 40 1 2 2
Penalty Kill 4 Players Defense
Defense Defense Time % Phy DF OF
1 Carl Gunnarsson Eric Gustafsson 60 1 2 2
2 Zac Leslie Brett Lernout 40 1 2 2
Penalty Kill - 3 Players Forward
Forward Time % Phy DF OF
1 Tyler Bozak 60 1 2 2
2 Nail Yakupov 40 1 2 2
Penalty Kill - 3 Players Defense
Defense Defense Time % Phy DF OF
1 Carl Gunnarsson Eric Gustafsson 60 1 2 2
2 Zac Leslie Brett Lernout 40 1 2 2
4 vs 4 Forward
Center Wing Time % Phy DF OF
1 Tyler Bozak Nail Yakupov 60 1 2 2
2 Frederik Gauthier Mark Jankowski 40 1 2 2
4 vs 4 Defense
Defense Defense Time % Phy DF OF
1 Carl Gunnarsson Erik Cernak 60 1 2 2
2 Zac Leslie Eric Gustafsson 40 1 2 2
Last Minutes Offensive
Center Left Wing Right Wing Defense Defense
Tyler Bozak Anton Slepyshev Nail Yakupov Carl Gunnarsson Eric Gustafsson
Last Minutes Defensive
Center Left Wing Right Wing Defense Defense
Tyler Bozak Anton Slepyshev Nail Yakupov Carl Gunnarsson Eric Gustafsson
Goaltenders
Starting : Mackenzie Blackwood
Backup : Mark Visentin
Extra Forwards
Normal : Louis Leblanc, Daniel Zaar, Alex Tuch - PP : Louis Leblanc, Daniel Zaar - PK : Alex Tuch
Extra Defensemen
Normal : Brett Lernout, Jacob Larsson, Zac Leslie - PP : Brett Lernout - PK : Marc-André Bourdon, Zac Leslie
Penalty Shots
Tyler Bozak, Nail Yakupov, Frederik Gauthier, Mark Jankowski, Anton Slepyshev
Scratches
Emil Djuse (Healthy), Nick Merkley (Healthy), Cole Cassels (Healthy), Jordan Subban (Healthy), Jeremy Gregoire (Healthy)
Connor Hurley (Healthy), Remi Elie (Healthy), Gustav Olofsson (Healthy), Adam Erne (Healthy), Brett Ritchie (Healthy)
Chris Bigras (Sprained Left Finger Injury), Anders Bjork (Healthy), Hunter Smith (Healthy), Mike Smith (Healthy), Jack Campbell (Healthy)
Sasquatch
5 vs 5 Forward
Center Left Wing Right Wing Time % Phy DF OF
1 Devin Shore Jujhar Khaira Timo Meier 40 1 2 2
2 T.J. Tynan Alex Iafallo Petr Straka 30 1 2 2
3 Sergey Kalinin Teemu Hartikainen Sam Reinhart 20 1 2 2
4 Jack Roslovic Valentin Zykov Dylan Sikura 10 1 2 2
5 vs 5 Defense
Defense Defense Time % Phy DF OF
1 Patrick Wey Martin Marincin 40 1 2 2
2 Brandon Montour Brett Pesce 30 1 2 2
3 Mirco Mueller Dmitri Orlov 20 1 2 2
4 Brandon Montour Patrick Wey 10 1 2 2
PowerPlay Forward
Center Left Wing Right Wing Time % Phy DF OF
1 Devin Shore Valentin Zykov Timo Meier 60 1 2 2
2 T.J. Tynan Jujhar Khaira Petr Straka 40 1 2 2
PowerPlay Defense
Defense Defense Time % Phy DF OF
1 Brandon Montour Patrick Wey 60 1 2 2
2 Dmitri Orlov Brett Pesce 40 1 2 2
Penalty Kill 4 Players Forward
Center Wing Time % Phy DF OF
1 Sergey Kalinin Jujhar Khaira 60 1 2 2
2 Devin Shore Teemu Hartikainen 40 1 2 2
Penalty Kill 4 Players Defense
Defense Defense Time % Phy DF OF
1 Martin Marincin Brandon Montour 60 1 2 2
2 Mirco Mueller Patrick Wey 40 1 2 2
Penalty Kill - 3 Players Forward
Forward Time % Phy DF OF
1 Sergey Kalinin 60 1 2 2
2 T.J. Tynan 40 1 2 2
Penalty Kill - 3 Players Defense
Defense Defense Time % Phy DF OF
1 Brandon Montour Martin Marincin 60 1 2 2
2 Mirco Mueller Patrick Wey 40 1 2 2
4 vs 4 Forward
Center Wing Time % Phy DF OF
1 Sergey Kalinin Jujhar Khaira 60 1 2 2
2 Devin Shore Teemu Hartikainen 40 1 2 2
4 vs 4 Defense
Defense Defense Time % Phy DF OF
1 Mirco Mueller Martin Marincin 60 1 2 2
2 Brett Pesce Patrick Wey 40 1 2 2
Last Minutes Offensive
Center Left Wing Right Wing Defense Defense
Devin Shore Jujhar Khaira Timo Meier Brett Pesce Patrick Wey
Last Minutes Defensive
Center Left Wing Right Wing Defense Defense
Sergey Kalinin Teemu Hartikainen Jujhar Khaira Brandon Montour Martin Marincin
Goaltenders
Starting : Joonas Korpisalo
Backup : Anders Nilsson
Extra Forwards
Normal : Teemu Hartikainen, Jujhar Khaira, Sergey Kalinin - PP : Teemu Hartikainen, Jujhar Khaira - PK : Devin Shore
Extra Defensemen
Normal : Patrick Wey, Brett Pesce, Mirco Mueller - PP : Martin Marincin - PK : Patrick Wey, Brandon Montour
Penalty Shots
Jack Roslovic, Devin Shore, Petr Straka, T.J. Tynan, Valentin Zykov
Scratches
Roope Hintz (Healthy), Ethan Bear (Healthy), Nikita Nesterov (Healthy), Hudson Fasching (Healthy), Christoffer Ehn (Healthy)
Alex Lintuniemi (Healthy), Cal Petersen (Healthy)
% Time on Ice - Condors
Lines # - Real PCT - Wanted PCT - Time Play
Normal Forward
1 - 35% - 40% - 14:57
2 - 27% - 30% - 11:43
3 - 24% - 20% - 10:27
4 - 13% - 10% - 5:42
Normal Defense
1 - 42% - 40% - 18:11
2 - 30% - 30% - 12:52
3 - 24% - 20% - 10:29
4 - 3% - 10% - 1:17
PP Forward
1 - 58% - 60% - 6:25
2 - 42% - 40% - 4:36
PP Defense
1 - 61% - 60% - 6:42
2 - 39% - 40% - 4:19
PK Forward
1 - 88% - 60% - 4:40
2 - 12% - 40% - 0:37
PK Defense
1 - 59% - 60% - 3:07
2 - 41% - 40% - 2:10
PK3 Forward
1 - 0% - 60%
2 - 0% - 40%
PK3 Defense
1 - 0% - 60%
2 - 0% - 40%
44 Forward
1 - 100% - 60% - 3:29
2 - 0% - 40% - 0:00
44 Defense
1 - 61% - 60% - 2:08
2 - 39% - 40% - 1:21
Last Minute Offensive - 0:00
Last Minute Defensive - 0:00
Total
Forward - 62:36
Defense - 62:36
|
% Time on Ice - Sasquatch
Lines # - Real PCT - Wanted PCT - Time Play
Normal Forward
1 - 33% - 40% - 14:09
2 - 27% - 30% - 11:25
3 - 25% - 20% - 10:40
4 - 15% - 10% - 6:35
Normal Defense
1 - 43% - 40% - 18:37
2 - 31% - 30% - 13:13
3 - 23% - 20% - 9:42
4 - 3% - 10% - 1:17
PP Forward
1 - 58% - 60% - 3:03
2 - 42% - 40% - 2:14
PP Defense
1 - 71% - 60% - 3:46
2 - 29% - 40% - 1:31
PK Forward
1 - 72% - 60% - 7:58
2 - 28% - 40% - 3:03
PK Defense
1 - 59% - 60% - 6:30
2 - 41% - 40% - 4:31
PK3 Forward
1 - 0% - 60%
2 - 0% - 40%
PK3 Defense
1 - 0% - 60%
2 - 0% - 40%
44 Forward
1 - 87% - 60% - 3:02
2 - 13% - 40% - 0:27
44 Defense
1 - 59% - 60% - 2:04
2 - 41% - 40% - 1:25
Last Minute Offensive - 0:00
Last Minute Defensive - 0:00
Total
Forward - 62:36
Defense - 62:36
|
Play-by-Play
1st period
0:01 of 1st period - Tyler Bozak wins face-off versus Timo Meier in neutral zone.
1:14 of 1st period - Wrist shot by Valentin Zykov.
1:14 of 1st period - Deflect By Dylan Sikura.
1:14 of 1st period - Shot Misses the Net.
1:14 of 1st period - Puck is out of play.
1:15 of 1st period - Devin Shore wins face-off versus Tyler Bozak in Condors zone.
1:37 of 1st period - Minor Penalty to Timo Meier for Charging.
1:38 of 1st period - Sergey Kalinin wins face-off versus Frederik Gauthier in Sasquatch zone.
3:31 of 1st period - Snap shot by Jack Roslovic.
3:31 of 1st period - Deflect By Carl Gunnarsson.
3:31 of 1st period - Shot Misses the Net.
3:31 of 1st period - Puck is out of play.
3:32 of 1st period - Tyler Bozak wins face-off versus Jack Roslovic in Condors zone.
3:37 of 1st period - Penalty to Timo Meier is over, Timo Meier is back on ice.
3:45 of 1st period - Wrist shot by Petr Straka.
3:45 of 1st period - Stopped by Mackenzie Blackwood with a rebound.
3:47 of 1st period - Wrist shot by Alex Iafallo.
3:47 of 1st period - Shot Misses the Net.
3:49 of 1st period - Slapshot by T.J. Tynan.
3:49 of 1st period - Shot Misses the Net.
3:51 of 1st period - Snap shot by T.J. Tynan.
3:51 of 1st period - Stopped by Mackenzie Blackwood with a rebound.
3:53 of 1st period - Slapshot by Brandon Montour.
3:53 of 1st period - Shot Misses the Net.
3:55 of 1st period - Wrist shot by Brandon Montour.
3:55 of 1st period - Shot Blocked by Daniel Zaar.
4:16 of 1st period - Zac Leslie is hit by Mirco Mueller.
4:20 of 1st period - Dmitri Orlov is hit by Erik Cernak and loses puck.
4:33 of 1st period - Snap shot by Jack Roslovic.
4:33 of 1st period - Stopped by Mackenzie Blackwood without a rebound.
4:34 of 1st period - Devin Shore wins face-off versus Tyler Bozak in Condors zone.
5:07 of 1st period - Wrist shot by Nail Yakupov.
5:07 of 1st period - Stopped by Joonas Korpisalo with a rebound.
5:09 of 1st period - Slapshot by Frederik Gauthier.
5:09 of 1st period - Stopped by Joonas Korpisalo without a rebound.
5:10 of 1st period - Devin Shore wins face-off versus Tyler Bozak in Sasquatch zone.
5:29 of 1st period - Jujhar Khaira is hit by Tyler Bozak and loses puck.
6:06 of 1st period - Snap shot by Jack Roslovic.
6:06 of 1st period - Shot Misses the Net.
6:18 of 1st period - Minor Penalty to Carl Gunnarsson for Holding.
6:19 of 1st period - Devin Shore wins face-off versus Tyler Bozak in Condors zone.
6:36 of 1st period - Tyler Bozak is hit by Timo Meier and loses puck.
8:17 of 1st period - Eric Gustafsson is hit by Devin Shore and loses puck.
8:18 of 1st period - Penalty to Carl Gunnarsson is over, Carl Gunnarsson is back on ice.
8:55 of 1st period - Eric Gustafsson is hit by Alex Iafallo and loses puck.
9:16 of 1st period - Snap shot by Mark Jankowski.
9:16 of 1st period - Shot Blocked by Petr Straka.
10:58 of 1st period - Wrist shot by Nail Yakupov.
10:58 of 1st period - Shot Misses the Net.
11:00 of 1st period - Snap shot by Frederik Gauthier.
11:00 of 1st period - Stopped by Joonas Korpisalo without a rebound.
11:01 of 1st period - Frederik Gauthier wins face-off versus Sergey Kalinin in Sasquatch zone.
11:08 of 1st period - Snap shot by Nail Yakupov.
11:08 of 1st period - Shot Blocked by Mirco Mueller.
11:21 of 1st period - Icing by Sergey Kalinin.
11:22 of 1st period - Sergey Kalinin wins face-off versus Tyler Bozak in Sasquatch zone.
12:19 of 1st period - Snap shot by Daniel Zaar.
12:19 of 1st period - Stopped by Joonas Korpisalo without a rebound.
12:20 of 1st period - Devin Shore wins face-off versus Tyler Bozak in Sasquatch zone.
12:54 of 1st period - Snap shot by Anton Slepyshev.
12:54 of 1st period - Shot Blocked by Mirco Mueller.
13:08 of 1st period - Snap shot by Daniel Zaar.
13:08 of 1st period - Stopped by Joonas Korpisalo with a rebound.
13:10 of 1st period - Slapshot by Brett Lernout.
13:10 of 1st period - Stopped by Joonas Korpisalo with a rebound.
13:12 of 1st period - Slapshot by Brett Lernout.
13:12 of 1st period - Deflect By Daniel Zaar.
13:12 of 1st period - Stopped by Joonas Korpisalo without a rebound.
13:13 of 1st period - Alex Tuch wins face-off versus Devin Shore in Sasquatch zone.
13:14 of 1st period - Snap shot by Tyler Bozak.
13:14 of 1st period - Stopped by Joonas Korpisalo with a rebound.
13:16 of 1st period - Slapshot by Zac Leslie.
13:16 of 1st period - Stopped by Joonas Korpisalo with a rebound.
13:18 of 1st period - Slapshot by Alex Tuch.
13:18 of 1st period - Shot Misses the Net.
13:20 of 1st period - Slapshot by Marc-André Bourdon.
13:20 of 1st period - Shot Misses the Net.
13:22 of 1st period - Slapshot by Tyler Bozak.
13:22 of 1st period - Shot Blocked by Martin Marincin.
13:24 of 1st period - Snap shot by Tyler Bozak.
13:24 of 1st period - Stopped by Joonas Korpisalo with a rebound.
13:26 of 1st period - Slapshot by Marc-André Bourdon.
13:26 of 1st period - Stopped by Joonas Korpisalo without a rebound.
13:27 of 1st period - Tyler Bozak wins face-off versus Devin Shore in Sasquatch zone.
13:32 of 1st period - Wrist shot by Alex Tuch.
13:32 of 1st period - Stopped by Joonas Korpisalo without a rebound.
13:33 of 1st period - Tyler Bozak wins face-off versus Devin Shore in Sasquatch zone.
13:58 of 1st period - Slapshot by Tyler Bozak.
13:58 of 1st period - Stopped by Joonas Korpisalo without a rebound.
13:59 of 1st period - T.J. Tynan wins face-off versus Frederik Gauthier in Sasquatch zone.
13:59 of 1st period - T.J. Tynan is hit by Nail Yakupov.
14:33 of 1st period - Snap shot by Patrick Wey.
14:33 of 1st period - Stopped by Mackenzie Blackwood with a rebound.
14:50 of 1st period - Mark Jankowski is hit by Patrick Wey and loses puck.
15:11 of 1st period - Snap shot by Alex Iafallo.
15:11 of 1st period - Shot Blocked by C.J Suess.
15:13 of 1st period - Snap shot by Petr Straka.
15:13 of 1st period - Shot Misses the Net.
15:33 of 1st period - Off-side.
15:34 of 1st period - Devin Shore wins face-off versus Tyler Bozak in neutral zone.
15:36 of 1st period - Brandon Montour is hit by Brett Lernout and loses puck.
15:45 of 1st period - Snap shot by Devin Shore.
15:45 of 1st period - Stopped by Mackenzie Blackwood with a rebound.
16:07 of 1st period - Snap shot by Petr Straka.
16:07 of 1st period - Stopped by Mackenzie Blackwood with a rebound.
16:25 of 1st period - Slapshot by Daniel Zaar.
16:25 of 1st period - Shot Misses the Net.
16:27 of 1st period - Wrist shot by Daniel Zaar.
16:27 of 1st period - Shot Blocked by Dmitri Orlov.
16:29 of 1st period - Slapshot by Brett Lernout.
16:29 of 1st period - Deflect By Christian Thomas.
16:29 of 1st period - Stopped by Joonas Korpisalo with a rebound.
16:31 of 1st period - Snap shot by Mark Jankowski.
16:31 of 1st period - Shot Blocked by Dmitri Orlov.
17:07 of 1st period - Devin Shore is hit by Eric Gustafsson and loses puck.
17:26 of 1st period - Carl Gunnarsson is hit by Petr Straka and loses puck.
17:39 of 1st period - Snap shot by Mikko Lehtonen.
17:39 of 1st period - Stopped by Joonas Korpisalo without a rebound.
17:40 of 1st period - Devin Shore wins face-off versus Tyler Bozak in Sasquatch zone.
17:42 of 1st period - Minor Penalty to Jujhar Khaira for Interference.
17:43 of 1st period - Frederik Gauthier wins face-off versus Sergey Kalinin in Sasquatch zone.
17:45 of 1st period - Snap shot by Frederik Gauthier.
17:45 of 1st period - Deflect By Anton Slepyshev.
17:45 of 1st period - Shot Misses the Net.
17:45 of 1st period - Puck is out of play.
17:46 of 1st period - Sergey Kalinin wins face-off versus Frederik Gauthier in Sasquatch zone.
17:59 of 1st period - Wrist shot by Anton Slepyshev.
17:59 of 1st period - Shot Misses the Net.
18:01 of 1st period - Snap shot by Frederik Gauthier.
18:01 of 1st period - Stopped by Joonas Korpisalo with a rebound.
18:11 of 1st period - Martin Marincin is hit by Nail Yakupov and loses puck.
18:18 of 1st period - Wrist shot by Nail Yakupov.
18:18 of 1st period - Shot Blocked by Devin Shore.
19:33 of 1st period - Icing by Marc-André Bourdon.
19:34 of 1st period - Jack Roslovic wins face-off versus Frederik Gauthier in Condors zone.
19:42 of 1st period - Penalty to Jujhar Khaira is over, Jujhar Khaira is back on ice.
19:49 of 1st period - Wrist shot by Sergey Kalinin.
19:49 of 1st period - Deflect By Jack Roslovic.
19:49 of 1st period - Shot Misses the Net.
19:49 of 1st period - Puck is out of play.
19:50 of 1st period - Jack Roslovic wins face-off versus Mark Jankowski in Condors zone.
19:57 of 1st period - Snap shot by Brett Pesce.
19:57 of 1st period - Shot Hit the Post.
Goals for this period are 0 for Condors vs 0 for Sasquatch.
Shots for this period are 16 for Condors vs 6 for Sasquatch.
2nd period
0:01 of 2nd period - Tyler Bozak wins face-off versus Devin Shore in neutral zone.
0:13 of 2nd period - Off-side.
0:14 of 2nd period - Frederik Gauthier wins face-off versus Devin Shore in neutral zone.
0:47 of 2nd period - Slapshot by Alex Tuch.
0:47 of 2nd period - Shot Misses the Net.
1:05 of 2nd period - Martin Marincin is hit by Zac Leslie and loses puck.
1:11 of 2nd period - Off-side.
1:12 of 2nd period - Louis Leblanc wins face-off versus Devin Shore in neutral zone.
1:27 of 2nd period - Wrist shot by Jujhar Khaira.
1:27 of 2nd period - Stopped by Mackenzie Blackwood with a rebound.
1:33 of 2nd period - Minor Penalty to Louis Leblanc for Holding.
1:34 of 2nd period - Tyler Bozak wins face-off versus Devin Shore in Condors zone.
1:34 of 2nd period - Tyler Bozak is hit by Devin Shore.
1:35 of 2nd period - Tyler Bozak from Condors is injured at 1:35 of 2nd period (Bruised Right Shoulder).
1:36 of 2nd period - Alex Tuch wins face-off versus Devin Shore in Condors zone.
3:33 of 2nd period - Penalty to Louis Leblanc is over, Louis Leblanc is back on ice.
4:13 of 2nd period - Eric Gustafsson is hit by Martin Marincin and loses puck.
4:21 of 2nd period - Icing by Carl Gunnarsson.
4:22 of 2nd period - Sergey Kalinin wins face-off versus Frederik Gauthier in Condors zone.
4:23 of 2nd period - Wrist shot by Teemu Hartikainen.
4:23 of 2nd period - Shot Misses the Net.
4:25 of 2nd period - Slapshot by Dmitri Orlov.
4:25 of 2nd period - Stopped by Mackenzie Blackwood without a rebound.
4:26 of 2nd period - Sergey Kalinin wins face-off versus Frederik Gauthier in Condors zone.
4:39 of 2nd period - Wrist shot by Sergey Kalinin.
4:39 of 2nd period - Stopped by Mackenzie Blackwood with a rebound.
4:50 of 2nd period - Sam Reinhart is hit by Frederik Gauthier and loses puck.
5:05 of 2nd period - Slapshot by Anton Slepyshev.
5:05 of 2nd period - Shot Blocked by Martin Marincin.
5:07 of 2nd period - Snap shot by Frederik Gauthier.
5:07 of 2nd period - Deflect By Teemu Hartikainen.
5:07 of 2nd period - Shot Blocked by Patrick Wey.
5:07 of 2nd period - Puck is out of play.
5:08 of 2nd period - Devin Shore wins face-off versus Mark Jankowski in Sasquatch zone.
5:08 of 2nd period - Devin Shore is hit by Daniel Zaar.
5:20 of 2nd period - Wrist shot by Daniel Zaar.
5:20 of 2nd period - Goal by Daniel Zaar - Condors : 1 - Sasquatch : 0.
5:21 of 2nd period - Devin Shore wins face-off versus Louis Leblanc in neutral zone.
5:41 of 2nd period - Brett Pesce is hit by Eric Gustafsson and loses puck.
7:17 of 2nd period - Brett Pesce is hit by Mark Jankowski and loses puck.
8:02 of 2nd period - Icing by Sam Reinhart.
8:03 of 2nd period - Sergey Kalinin wins face-off versus Louis Leblanc in Sasquatch zone.
8:37 of 2nd period - Snap shot by Eric Gustafsson.
8:37 of 2nd period - Shot Misses the Net.
8:53 of 2nd period - Valentin Zykov is hit by C.J Suess and loses puck.
9:22 of 2nd period - Snap shot by Devin Shore.
9:22 of 2nd period - Stopped by Mackenzie Blackwood with a rebound.
10:03 of 2nd period - Louis Leblanc is hit by Devin Shore and loses puck.
11:01 of 2nd period - Zac Leslie is hit by Patrick Wey and loses puck.
11:14 of 2nd period - Icing by Zac Leslie.
11:15 of 2nd period - Mark Jankowski wins face-off versus Devin Shore in Condors zone.
11:28 of 2nd period - Louis Leblanc is hit by Alex Iafallo and loses puck.
12:19 of 2nd period - Wrist shot by Jujhar Khaira.
12:19 of 2nd period - Shot Misses the Net.
12:34 of 2nd period - Minor Penalty to Alex Iafallo for Hooking.
12:35 of 2nd period - Frederik Gauthier wins face-off versus Sergey Kalinin in Sasquatch zone.
12:43 of 2nd period - Snap shot by Frederik Gauthier.
12:43 of 2nd period - Stopped by Joonas Korpisalo without a rebound.
12:44 of 2nd period - Alex Tuch wins face-off versus Sergey Kalinin in Sasquatch zone.
12:59 of 2nd period - Jujhar Khaira is hit by Alex Tuch and loses puck.
13:16 of 2nd period - Slapshot by Carl Gunnarsson.
13:16 of 2nd period - Stopped by Joonas Korpisalo with a rebound.
13:18 of 2nd period - Wrist shot by Frederik Gauthier.
13:18 of 2nd period - Stopped by Joonas Korpisalo without a rebound.
13:19 of 2nd period - Devin Shore wins face-off versus Louis Leblanc in Sasquatch zone.
13:44 of 2nd period - Devin Shore is hit by Nail Yakupov and loses puck.
14:03 of 2nd period - Slapshot by Eric Gustafsson.
14:03 of 2nd period - Deflect By Alex Tuch.
14:03 of 2nd period - Shot Blocked by Brandon Montour.
14:03 of 2nd period - Puck is out of play.
14:04 of 2nd period - Sergey Kalinin wins face-off versus Frederik Gauthier in Sasquatch zone.
14:04 of 2nd period - Sergey Kalinin is hit by Anton Slepyshev.
14:16 of 2nd period - Snap shot by Devin Shore.
14:16 of 2nd period - Stopped by Mackenzie Blackwood without a rebound.
14:17 of 2nd period - Devin Shore wins face-off versus Frederik Gauthier in Condors zone.
14:24 of 2nd period - Carl Gunnarsson is hit by Martin Marincin and loses puck.
14:34 of 2nd period - Penalty to Alex Iafallo is over, Alex Iafallo is back on ice.
14:49 of 2nd period - Slapshot by Jack Roslovic.
14:49 of 2nd period - Deflect By Carl Gunnarsson.
14:49 of 2nd period - Stopped by Mackenzie Blackwood without a rebound.
14:50 of 2nd period - Mark Jankowski wins face-off versus Jack Roslovic in Condors zone.
14:50 of 2nd period - Mark Jankowski is hit by Jack Roslovic.
14:58 of 2nd period - Slapshot by Eric Gustafsson.
14:58 of 2nd period - Shot Blocked by Dylan Sikura.
15:00 of 2nd period - Wrist shot by Mark Jankowski.
15:00 of 2nd period - Goal by Mark Jankowski - Condors : 2 - Sasquatch : 0.
15:01 of 2nd period - Louis Leblanc wins face-off versus Devin Shore in neutral zone.
15:05 of 2nd period - Off-side.
15:06 of 2nd period - Devin Shore wins face-off versus Louis Leblanc in neutral zone.
15:31 of 2nd period - Eric Gustafsson is hit by Patrick Wey and loses puck.
15:50 of 2nd period - Minor Penalty to Nail Yakupov for Hooking.
15:51 of 2nd period - Devin Shore wins face-off versus Alex Tuch in Condors zone.
16:56 of 2nd period - Minor Penalty to Timo Meier for Hooking.
16:57 of 2nd period - Sergey Kalinin wins face-off versus Louis Leblanc in Sasquatch zone.
17:04 of 2nd period - Slapshot by Martin Marincin.
17:04 of 2nd period - Stopped by Mackenzie Blackwood with a rebound.
17:08 of 2nd period - Wrist shot by Jujhar Khaira.
17:08 of 2nd period - Shot Misses the Net.
17:10 of 2nd period - Slapshot by Martin Marincin.
17:10 of 2nd period - Shot Blocked by Carl Gunnarsson.
17:50 of 2nd period - Penalty to Nail Yakupov is over, Nail Yakupov is back on ice.
17:56 of 2nd period - Zac Leslie is hit by Patrick Wey and loses puck.
18:21 of 2nd period - Brandon Montour is hit by Marc-André Bourdon and loses puck.
18:30 of 2nd period - Snap shot by Louis Leblanc.
18:30 of 2nd period - Shot Blocked by Brandon Montour.
18:56 of 2nd period - Penalty to Timo Meier is over, Timo Meier is back on ice.
18:58 of 2nd period - Wrist shot by Valentin Zykov.
18:58 of 2nd period - Stopped by Mackenzie Blackwood with a rebound.
19:14 of 2nd period - Slapshot by Valentin Zykov.
19:14 of 2nd period - Stopped by Mackenzie Blackwood without a rebound.
19:15 of 2nd period - Louis Leblanc wins face-off versus T.J. Tynan in Condors zone.
19:15 of 2nd period - Louis Leblanc is hit by Alex Iafallo.
19:27 of 2nd period - Wrist shot by Petr Straka.
19:27 of 2nd period - Shot Blocked by Brett Lernout.
19:39 of 2nd period - Alex Tuch is hit by Sergey Kalinin and loses puck.
19:54 of 2nd period - Mirco Mueller is hit by Anton Slepyshev and loses puck.
Goals for this period are 2 for Condors vs 0 for Sasquatch.
Shots for this period are 5 for Condors vs 9 for Sasquatch.
3rd period
0:01 of 3rd period - Louis Leblanc wins face-off versus Devin Shore in neutral zone.
0:34 of 3rd period - Snap shot by Sam Reinhart.
0:34 of 3rd period - Shot Blocked by Zac Leslie.
0:36 of 3rd period - Wrist shot by Teemu Hartikainen.
0:36 of 3rd period - Stopped by Mackenzie Blackwood with a rebound.
0:38 of 3rd period - Slapshot by Martin Marincin.
0:38 of 3rd period - Stopped by Mackenzie Blackwood with a rebound.
0:48 of 3rd period - Brandon Montour is hit by Frederik Gauthier.
0:51 of 3rd period - Minor Penalty to T.J. Tynan for Roughing.
0:52 of 3rd period - Sergey Kalinin wins face-off versus Frederik Gauthier in Sasquatch zone.
1:07 of 3rd period - Martin Marincin is hit by Marc-André Bourdon and loses puck.
1:18 of 3rd period - Snap shot by Nail Yakupov.
1:18 of 3rd period - Shot Blocked by Martin Marincin.
2:09 of 3rd period - Icing by Louis Leblanc.
2:10 of 3rd period - Devin Shore wins face-off versus Louis Leblanc in Condors zone.
2:51 of 3rd period - Penalty to T.J. Tynan is over, T.J. Tynan is back on ice.
3:03 of 3rd period - Snap shot by Christian Thomas.
3:03 of 3rd period - Stopped by Joonas Korpisalo with a rebound.
3:05 of 3rd period - Snap shot by Mark Jankowski.
3:05 of 3rd period - Deflect By Daniel Zaar.
3:05 of 3rd period - Shot Blocked by T.J. Tynan.
3:05 of 3rd period - Puck is out of play.
3:06 of 3rd period - Mark Jankowski wins face-off versus T.J. Tynan in Sasquatch zone.
3:32 of 3rd period - Brandon Montour is hit by Erik Cernak and loses puck.
4:27 of 3rd period - Icing by Dmitri Orlov.
4:28 of 3rd period - Louis Leblanc wins face-off versus Sergey Kalinin in Sasquatch zone.
4:33 of 3rd period - Snap shot by Devin Shore.
4:33 of 3rd period - Stopped by Mackenzie Blackwood with a rebound.
4:43 of 3rd period - Slapshot by Jujhar Khaira.
4:43 of 3rd period - Shot Blocked by Carl Gunnarsson.
5:03 of 3rd period - Snap shot by Alex Iafallo.
5:03 of 3rd period - Stopped by Mackenzie Blackwood without a rebound.
5:04 of 3rd period - Louis Leblanc wins face-off versus T.J. Tynan in Condors zone.
6:11 of 3rd period - Minor Penalty to Alex Iafallo for Roughing.
6:12 of 3rd period - Sergey Kalinin wins face-off versus Frederik Gauthier in Sasquatch zone.
6:26 of 3rd period - Sergey Kalinin is hit by Anton Slepyshev and loses puck.
6:41 of 3rd period - Brandon Montour is hit by Nail Yakupov and loses puck.
7:34 of 3rd period - Marc-André Bourdon is hit by Devin Shore and loses puck.
8:09 of 3rd period - Dmitri Orlov is hit by Christian Thomas and loses puck.
8:11 of 3rd period - Penalty to Alex Iafallo is over, Alex Iafallo is back on ice.
8:42 of 3rd period - Minor Penalty to Louis Leblanc for Roughing.
8:43 of 3rd period - Alex Tuch wins face-off versus Devin Shore in Condors zone.
8:49 of 3rd period - Off-side.
8:50 of 3rd period - Devin Shore wins face-off versus Alex Tuch in neutral zone.
8:55 of 3rd period - Wrist shot by Valentin Zykov.
8:55 of 3rd period - Goal by Valentin Zykov - Condors : 2 - Sasquatch : 1.
8:56 of 3rd period - Devin Shore wins face-off versus Louis Leblanc in neutral zone.
9:07 of 3rd period - Snap shot by Louis Leblanc.
9:07 of 3rd period - Shot Misses the Net.
9:49 of 3rd period - Snap shot by Daniel Zaar.
9:49 of 3rd period - Stopped by Joonas Korpisalo with a rebound.
10:06 of 3rd period - Slapshot by Carl Gunnarsson.
10:06 of 3rd period - Stopped by Joonas Korpisalo without a rebound.
10:07 of 3rd period - Louis Leblanc wins face-off versus Jack Roslovic in Sasquatch zone.
10:18 of 3rd period - Wrist shot by Jack Roslovic.
10:18 of 3rd period - Deflect By Valentin Zykov.
10:18 of 3rd period - Shot Misses the Net.
10:18 of 3rd period - Puck is out of play.
10:19 of 3rd period - Devin Shore wins face-off versus Frederik Gauthier in Condors zone.
10:22 of 3rd period - Backhand shot by Timo Meier.
10:22 of 3rd period - Shot Blocked by Marc-André Bourdon.
10:58 of 3rd period - Wrist shot by Petr Straka.
10:58 of 3rd period - Stopped by Mackenzie Blackwood with a rebound.
11:00 of 3rd period - Slapshot by Brett Pesce.
11:00 of 3rd period - Deflect By Petr Straka.
11:00 of 3rd period - Shot Blocked by Andrew Mangiapane.
11:00 of 3rd period - Puck is out of play.
11:01 of 3rd period - Sergey Kalinin wins face-off versus Mark Jankowski in Condors zone.
11:48 of 3rd period - Snap shot by Martin Marincin.
11:48 of 3rd period - Stopped by Mackenzie Blackwood without a rebound.
11:49 of 3rd period - T.J. Tynan wins face-off versus Frederik Gauthier in Condors zone.
13:19 of 3rd period - Snap shot by T.J. Tynan.
13:19 of 3rd period - Shot Misses the Net.
13:25 of 3rd period - T.J. Tynan is hit by C.J Suess and loses puck.
13:36 of 3rd period - Wrist shot by Daniel Zaar.
13:36 of 3rd period - Stopped by Joonas Korpisalo without a rebound.
13:37 of 3rd period - Devin Shore wins face-off versus Andrew Mangiapane in Sasquatch zone.
13:37 of 3rd period - Devin Shore is hit by Andrew Mangiapane.
13:47 of 3rd period - Snap shot by Jujhar Khaira.
13:47 of 3rd period - Shot Blocked by Brett Lernout.
13:49 of 3rd period - Slapshot by Timo Meier.
13:49 of 3rd period - Shot Misses the Net.
13:51 of 3rd period - Slapshot by Martin Marincin.
13:51 of 3rd period - Shot Blocked by Brett Lernout.
13:53 of 3rd period - Snap shot by Timo Meier.
13:53 of 3rd period - Stopped by Mackenzie Blackwood without a rebound.
13:54 of 3rd period - Frederik Gauthier wins face-off versus T.J. Tynan in Condors zone.
14:01 of 3rd period - Snap shot by Frederik Gauthier.
14:01 of 3rd period - Shot Misses the Net.
14:29 of 3rd period - Wrist shot by Daniel Zaar.
14:29 of 3rd period - Shot Blocked by Brandon Montour.
14:31 of 3rd period - Wrist shot by Mark Jankowski.
14:31 of 3rd period - Stopped by Joonas Korpisalo with a rebound.
15:25 of 3rd period - Brett Lernout is hit by Valentin Zykov and loses puck.
15:32 of 3rd period - Slapshot by Erik Cernak.
15:32 of 3rd period - Shot Misses the Net.
15:34 of 3rd period - Slapshot by Christian Thomas.
15:34 of 3rd period - Stopped by Joonas Korpisalo without a rebound.
15:35 of 3rd period - Louis Leblanc wins face-off versus Devin Shore in Sasquatch zone.
15:44 of 3rd period - Snap shot by Louis Leblanc.
15:44 of 3rd period - Stopped by Joonas Korpisalo without a rebound.
15:45 of 3rd period - Louis Leblanc wins face-off versus Devin Shore in Sasquatch zone.
16:10 of 3rd period - Snap shot by Devin Shore.
16:10 of 3rd period - Stopped by Mackenzie Blackwood with a rebound.
16:18 of 3rd period - Slapshot by Devin Shore.
16:18 of 3rd period - Stopped by Mackenzie Blackwood with a rebound.
16:20 of 3rd period - Snap shot by Jujhar Khaira.
16:20 of 3rd period - Goal by Jujhar Khaira - Condors : 2 - Sasquatch : 2.
16:21 of 3rd period - Sergey Kalinin wins face-off versus Mark Jankowski in neutral zone.
16:24 of 3rd period - Carl Gunnarsson is hit by Martin Marincin and loses puck.
16:58 of 3rd period - Slapshot by Eric Gustafsson.
16:58 of 3rd period - Stopped by Joonas Korpisalo without a rebound.
16:59 of 3rd period - Louis Leblanc wins face-off versus Devin Shore in Sasquatch zone.
17:15 of 3rd period - Wrist shot by Alex Tuch.
17:15 of 3rd period - Stopped by Joonas Korpisalo with a rebound.
17:25 of 3rd period - T.J. Tynan is hit by Mark Jankowski.
17:35 of 3rd period - Wrist shot by Daniel Zaar.
17:35 of 3rd period - Shot Hit the Post.
18:11 of 3rd period - Brett Lernout is hit by Jack Roslovic and loses puck.
18:12 of 3rd period - Brett Lernout from Condors is injured at 18:12 of 3rd period (Left Hip).
18:13 of 3rd period - Mark Jankowski wins face-off versus Sam Reinhart in Condors zone.
18:18 of 3rd period - Eric Gustafsson is hit by Teemu Hartikainen and loses puck.
18:25 of 3rd period - Slapshot by Teemu Hartikainen.
18:25 of 3rd period - Stopped by Mackenzie Blackwood with a rebound.
18:27 of 3rd period - Slapshot by Teemu Hartikainen.
18:27 of 3rd period - Stopped by Mackenzie Blackwood without a rebound.
18:28 of 3rd period - Louis Leblanc wins face-off versus Devin Shore in Condors zone.
18:28 of 3rd period - Louis Leblanc is hit by Jujhar Khaira.
18:36 of 3rd period - Wrist shot by Mikko Lehtonen.
18:36 of 3rd period - Shot Misses the Net.
18:41 of 3rd period - Off-side.
18:42 of 3rd period - Sergey Kalinin wins face-off versus Mark Jankowski in neutral zone.
19:39 of 3rd period - Anton Slepyshev is hit by Devin Shore.
Goals for this period are 0 for Condors vs 2 for Sasquatch.
Shots for this period are 9 for Condors vs 13 for Sasquatch.
Overtime #1
0:01 of 1st overtime period - Louis Leblanc wins face-off versus Sergey Kalinin in neutral zone.
0:48 of 1st overtime period - Snap shot by Devin Shore.
0:48 of 1st overtime period - Shot Misses the Net.
0:50 of 1st overtime period - Slapshot by Patrick Wey.
0:50 of 1st overtime period - Shot Blocked by Zac Leslie.
0:52 of 1st overtime period - Slapshot by Brett Pesce.
0:52 of 1st overtime period - Shot Misses the Net.
1:28 of 1st overtime period - Brett Pesce is hit by Andrew Mangiapane and loses puck.
2:01 of 1st overtime period - Eric Gustafsson is hit by Martin Marincin and loses puck.
2:22 of 1st overtime period - Teemu Hartikainen is hit by Carl Gunnarsson and loses puck.
2:26 of 1st overtime period - Icing by Teemu Hartikainen.
2:27 of 1st overtime period - Daniel Zaar wins face-off versus Teemu Hartikainen in Sasquatch zone.
2:30 of 1st overtime period - Backhand shot by Alex Tuch.
2:30 of 1st overtime period - Shot Misses the Net.
2:32 of 1st overtime period - Slapshot by Carl Gunnarsson.
2:32 of 1st overtime period - Stopped by Joonas Korpisalo without a rebound.
2:33 of 1st overtime period - Louis Leblanc wins face-off versus Sergey Kalinin in Sasquatch zone.
2:34 of 1st overtime period - Slapshot by Eric Gustafsson.
2:34 of 1st overtime period - Shot Misses the Net.
2:36 of 1st overtime period - Wrist shot by Louis Leblanc.
2:36 of 1st overtime period - Goal by Louis Leblanc - Condors : 3 - Sasquatch : 2.
Goals for this period are 1 for Condors vs 0 for Sasquatch.
Shots for this period are 2 for Condors vs 0 for Sasquatch.